 Dungeon Crawl Stone Soup version 0.32-a0-411-g744942f433 (webtiles) character file.

Game seed: 10075262325481941662

51 shadowstone the Trooper (level 3, 0/2 HPs)
             Began as a Coglin Fighter on Feb 20, 2024.
             Slain by a giant cockroach (1 damage)
             ... on level 2 of the Dungeon.
             The game lasted 00:04:26 (1297 turns).

shadowstone the Trooper (Coglin Fighter)            Turns: 1297, Time: 00:04:26

Health: 0/2        AC:  0    Str: 16    XL:     3   Next: 81%
Magic:  3/3        EV: 11    Int:  7    God:
Gold:   25         SH:  0    Dex: 15    Spells: 2/2 levels left

rFire   . . .        a - melded +0 long sword {Gabriela}
rCold   . . .        c - melded +0 buckler
rNeg    . . .        b - melded +0 scale mail
rPois   ∞            (helmet currently unavailable)
rElec   +            (cloak currently unavailable)
rCorr   .            (gloves currently unavailable)
SInv    .            (boots currently unavailable)
Will    .....        (no amulet)
Stlth   +            (no ring)
HPRegen 0.20/turn    (no ring)
MPRegen 0.08/turn

%: no passive effects
@: storm-form, flying
A: cleaving, insubstantial, flying, reduced hp, (off-hand wielding), (slow
wielding), (warmup strikes), (legs shutdown)
a: Blinkbolt, Begin Untransformation


You were on level 2 of the Dungeon.
You were a lightning-filled tempest!
You visited 1 branch of the dungeon, and saw 2 of its levels.

You collected 25 gold pieces.

Inventory:

Hand Weapons
 a - a +0 long sword (melded) {Gabriela}
 i - a +0 giant spiked club
Armour
 b - a +0 scale mail (melded)
 c - a +0 buckler (melded)
Talismans
 j - a storm talisman (active)
Scrolls
 h - a scroll of vulnerability
Potions
 d - 2 potions of might
 e - 3 potions of curing {unknown}
 f - a potion of berserk rage {unknown}
 g - a potion of haste {unknown}


   Skills:
 + Level 3.3 Fighting
 + Level 2.7 Long Blades
 + Level 3.1 Armour
 + Level 0.1 Stealth
 + Level 2.5 Shields


You had 2 spell levels left.
You didn't know any spells.
Your spell library contained the following spells:

 Spells                   Type           Power      Damage    Failure   Level
 Inner Flame              Hex/Fire       0%         N/A       80%         3
 Flame Wave               Conj/Fire      0%         2d4       99%         4
 Sticky Flame             Fire/Alch      0%         2d4       99%         4


Dungeon Overview and Level Annotations

Branches:
Dungeon (2/15)

Altars:


Innate Abilities, Weirdness & Mutations

You are a lightning-filled tempest!
Your electrical attacks strike out in all directions at once.
You are incredibly evasive.
Your insubstantial body is immune to petrification, constriction, and being set on fire You are flying.
Your maximum health is decreased, since you lack skill for your form.
Your armour is entirely melded.
You are incapable of wielding weapons or throwing items.
You are immune to poison.
((You can wield a second weapon in your off-hand.))
((It takes a long time for you to wield or remove held weapons.))
((Your first few attacks do less damage.))
((Attacking and casting redirects power from your legs.))


Message History

Your +0 buckler melds into your body.
Your +0 scale mail melds into your body.
HP restored.
You reach down and open the door.
There is an open door here.
You reach down and open the door.
Found a stone staircase leading up.
There is an open door here.
There is a stone staircase leading up here.
Found a stone staircase leading down.
Found 14 gold pieces.
You now have 25 gold pieces (gained 14).
Found an escape hatch in the ceiling.
Found a ring mail.
You see here a +0 ring mail.
A rat comes into view.
The rat squeaks loudly.
The rat moves out of view.
You closely miss the rat. The rat barely misses you.
You hit the rat. Lightning courses through the rat!
You kill the rat!
You see here a rat corpse.
Found 6 stones.
A ball python and a giant cockroach come into view.
Found a scroll of vulnerability.
You completely miss the giant cockroach.
The giant cockroach barely misses you. The giant cockroach closely misses you.
You hit the giant cockroach.
The giant cockroach is lightly wounded.
The giant cockroach barely misses you.
You hit the giant cockroach but do no damage.
The giant cockroach is lightly wounded.
The giant cockroach waves its antennae.
The giant cockroach bites you.
Ouch! That really hurt!
You closely miss the giant cockroach.
The giant cockroach is lightly wounded.
The giant cockroach bites you.
Ouch! That really hurt!
You die...

.... #?.. #...
######..#
#.......#
#.......###
#......B..#
#......v..#
#.........###.#
###.##..#....S.
.. #........# #
##.####### #.#
#.# #.#
#.######


You could see a giant cockroach.

Vanquished Creatures
  A dart slug (D:1)
  A bat (D:1)
  2 endoplasms (D:1)
  A giant cockroach (D:1)
  4 goblins (D:1)
  A hobgoblin (D:2)
  A quokka (D:1)
  8 ball pythons
  4 frilled lizards (D:1)
  6 rats
29 creatures vanquished.

Notes
Turn   | Place    | Note
-------+----------+-------------------------------------------
     0 | D:1      | shadowstone the Coglin Fighter began the quest for the Orb.
     0 | D:1      | Reached XP level 1. HP: 18/18 MP: 1/1
   151 | D:1      | Reached XP level 2. HP: 11/24 MP: 2/2
   206 | D:1      | Reached XP level 3. HP: 19/29 MP: 3/3
  1297 | D:2      | Slain by a giant cockroach

Illustrated notes

Levels and vault maps discovered:
D:1:      zaba_arrival_water, layout_loops_ring, moated_statue, minmay_unequal
D:2:      layout_loops_corners

Skill      XL: |  1  2 |
---------------+-------+-----
Armour         | 3 |  3.1
Fighting       | |  3.3
Long Blades    | |  2.7
Stealth        | |  0.1
Shields        | |  2.5

Action                     || total
---------------------------++-------
  Melee: Long sword        ||    63
         Unarmed           ||     6
    Use: Scroll            ||     1
 Armour: Scale mail        ||    66
         Skin              ||     2
  Dodge: Dodged            ||    34
  Block: Buckler           ||    23
   Form: Storm             ||     1

Table legend: (Time is in decaauts)
 A = Elapsed time spent in this place.
 B = Non-inter-level travel time spent in this place.
 C = Inter-level travel time spent in this place.
 D = Time resting spent in this place.
 E = Time spent auto-exploring this place.
 F = Levels seen in this place.
 G = Mean time per level.
                   A        B        C        D        E       F      G
               +--------+--------+--------+--------+--------+-----+--------+
         Total |   1324 |   1312 |     12 |    449 |    310 |   2 |  662.0 |
       Dungeon |   1324 |   1312 |     12 |    449 |    310 |   2 |  662.0 |
               +--------+--------+--------+--------+--------+-----+--------+

Top non-repeatable levels by time:
     D:1: 1153 daAuts
     D:2: 171 daAuts
